 Dungeon Crawl Stone Soup version 0.31-a0-161-gb58dd9be76 (webtiles) character file.

Game seed: 1651774881804266312

767 qw the Shooter (level 7, -2/64 HPs)
             Began as a Naga Hunter on June 12, 2023.
             Was an Initiate of Okawaru.
             Slain by an orc
             ... wielding a +0 club
              (4 damage)
             ... on level 5 of the Dungeon.
             The game lasted 00:01:24 (3474 turns).

qw the Shooter (Naga Hunter)                        Turns: 3474, Time: 00:01:25

Health: -2/64      AC:  6    Str: 14    XL:     7   Next: 82%
Magic:  7/8        EV: 10    Int:  9    God:    Okawaru [......]
Gold:   204        SH:  0    Dex: 16    Spells: 6/6 levels left

rFire   . . .        h - +0 orcbow
rCold   . . .        (shield currently unavailable)
rNeg    . . .        c - +0 leather armour
rPois   +            f - +2 helmet
rElec   .            (no cloak)
rCorr   .            (no gloves)
SInv    +            (no barding)
Will    .....        (no amulet)
Stlth   ++           (no ring)
HPRegen 0.30/turn    (no ring)
MPRegen 0.11/turn

%: no passive effects
@: short of breath, very slow
A: AC +2, large, see invisible, deformed body, poison resistance, slowness 2,
spit poison 1, naga tail 1
a: Spit Poison, Renounce Religion


You were on level 5 of the Dungeon.
You worshipped Okawaru.
Okawaru was noncommittal.
You visited 2 branches of the dungeon, and saw 6 of its levels.

You collected 204 gold pieces.


Innate Abilities, Weirdness & Mutations

Your serpentine skin is tough. (AC +2)
You have supernaturally acute eyesight. (SInv)
Armour fits poorly on your strangely shaped body.
Your system is resistant to poisons. (rPois)
You cover ground very slowly.
You can spit poison.
You have a snake-like lower body.


   Skills:
 - Level 4.1 Fighting
 + Level 7.5 Ranged Weapons
 - Level 2.0 Dodging
 - Level 1.5 Stealth
 - Level 1.7 Invocations


You had 6 spell levels left.
You didn't know any spells.
Your spell library was empty.

Inventory:

Hand Weapons
 h - a +0 orcbow (weapon)
Armour
 c - a +0 leather armour (worn)
 f - a +2 helmet (worn)
Scrolls
 g - 3 scrolls of identify
 j - a scroll of torment {unknown}
Potions
 a - a potion of mutation
 b - 2 potions of resistance
 d - 3 potions of curing
 i - a potion of might

Dungeon Overview and Level Annotations

Branches:
Dungeon (5/15)             Temple (1/1) D:4

Altars:
Ashenzari
Cheibriados
Elyvilon
Fedhas
Kikubaaqudgha
Makhleb
Nemelex Xobeh
Okawaru
Qazlal
Sif Muna
Trog
Vehumet
Xom
Yredelemnul
Zin
The Shining One

Shops:
D:2 :

Annotations:
D:3 2 transporters


Message History

Press: ? - help, Shift-Dir - straight line, f/p - orc wizard The splash of poison hits the orc wizard.
The orc wizard is poisoned.
The orc wizard is heavily wounded.
The orc wizard hits you with a +0 dagger.
The orc misses you. The orc hits you with a +0 war axe!
You shoot an arrow. The arrow hits the orc wizard!!
You kill the orc wizard!
Okawaru accepts your kill. The orc hits you with a +0 war axe.
The orc closely misses you.
You shoot an arrow. The arrow hits the orc.
The orc is severely wounded.
You shoot an arrow.
The arrow hits the orc but does no damage.
The orc is severely wounded.
The orc hits you but does no damage. x2
You shoot an arrow. The arrow barely misses the orc.
The orc hits you but does no damage. The orc hits you with a +0 club.
You shoot an arrow. The arrow barely misses the orc.
The orc closely misses you. x2
You shoot an arrow. The arrow hits the orc.
The orc is almost dead.
The orc hits you with a +0 war axe. The orc closely misses you.
You shoot an arrow. The arrow hits the orc!
You kill the orc!
Okawaru accepts your kill.
You have got your breath back.
The orc barely misses you.
3472 ||| INVOKING Spit Poison.
Aiming: Spit Poison (1% risk of failure)
Press: ? - help, Shift-Dir - straight line, f - orc The splash of poison hits the orc.
The orc is heavily wounded.
The orc hits you but does no damage.
You shoot an arrow. The arrow barely misses the orc.
The orc hits you with a +0 club.
You shoot an arrow. The arrow closely misses the orc.
You feel like a meek peon again. The orc hits you with a +0 club.
You die...

# #.# #.# #...#.._.
#.# #.#...... #.#
#....#... #.#
#..#...# #.#
#...).... #.#
#....#.#. #.#
#))...... #.# #@)..#
########.# #o#......
.........# #.# .####
#.######## #.# # #.#
#.# #.# ######.# #.#
##......#
#.########...######.#
...........#........#


You could see an orc (strong).

Vanquished Creatures
  A black bear (D:5)
  An ice beast (D:5)
  An ogre (D:4)
  A centaur (D:5)
  A scorpion (D:5)
  A jelly (D:5)
  An iguana (D:5)
  Natasha (thrice) (D:3)
  3 orc wizards (D:5)
  4 gnolls
  An adder (D:2)
  An ufetubus (D:4)
  3 worms
  5 dart slugs
  18 orcs
  3 endoplasms
  2 giant cockroaches
  3 goblins
  4 hobgoblins
  3 jackals (D:4)
  6 kobolds
  5 quokkas
  9 ball pythons
  3 bats
  4 frilled lizards
  6 rats
93 creatures vanquished.

Notes
Turn   | Place    | Note
-------+----------+-------------------------------------------
     0 | D:1      | qw the Naga Hunter began the quest for the Orb.
     0 | D:1      | Reached XP level 1. HP: 19/19 MP: 1/1
     0 | D:1      | 0 ||| qw: Version: 0.2-a-29-gc1b59c4
     0 | D:1      | 0 ||| qw: Game counter: 4205
     0 | D:1      | 0 ||| qw: Always use a shield: true
     0 | D:1      | 0 ||| qw: God list: Okawaru
     0 | D:1      | 0 ||| qw: Allow faded altars: false
     0 | D:1      | 0 ||| qw: Do Orc after D:15 true
     0 | D:1      | 0 ||| qw: Do second Lair branch before Depths: true
     0 | D:1      | 0 ||| qw: Lair rune preference: random
     0 | D:1      | 0 ||| qw: Plans: Normal
     0 | D:1      | 0 ||| PLANNING D:1-11
    23 | D:1      | 23 ||| INVOKING Spit Poison.
    29 | D:1      | 29 ||| INVOKING Spit Poison.
    32 | D:1      | 32 ||| INVOKING Spit Poison.
    84 | D:1      | 84 ||| INVOKING Spit Poison.
   139 | D:1      | 139 ||| INVOKING Spit Poison.
   141 | D:1      | Reached skill level 4 in Ranged Weapons
   141 | D:1      | Reached XP level 2. HP: 26/26 MP: 2/2
   152 | D:1      | Found a faded altar of an unknown god.
   156 | D:1      | 156 ||| INVOKING Spit Poison.
   182 | D:1      | 182 ||| INVOKING Spit Poison.
   193 | D:1      | 193 ||| INVOKING Spit Poison.
   240 | D:1      | 240 ||| INVOKING Spit Poison.
   255 | D:1      | 255 ||| INVOKING Spit Poison.
   416 | D:1      | 416 ||| INVOKING Spit Poison.
   421 | D:1      | 421 ||| INVOKING Spit Poison.
   440 | D:1      | 440 ||| INVOKING Spit Poison.
   444 | D:1      | 444 ||| INVOKING Spit Poison.
   481 | D:1      | 481 ||| READING 2 scrolls labelled HOZITT HIOSCH.
   482 | D:1      | 482 ||| READING scroll labelled KANYSHR NISOD.
   483 | D:1      | 483 ||| READING scroll labelled VUTUSO ZE BOO.
   484 | D:1      | 484 ||| DRINKING 3 grey potions.
   485 | D:1      | 485 ||| DROPPING scroll of fear.
   486 | D:1      | 486 ||| DROPPING scroll of butterflies.
   526 | D:2      | 526 ||| INVOKING Spit Poison.
   529 | D:2      | Reached XP level 3. HP: 32/32 MP: 3/3
   532 | D:2      | 532 ||| INVOKING Spit Poison.
   625 | D:2      | 625 ||| INVOKING Spit Poison.
   845 | D:2      | 845 ||| INVOKING Spit Poison.
   859 | D:2      | 859 ||| INVOKING Spit Poison.
   870 | D:2      | 870 ||| INVOKING Spit Poison.
   874 | D:2      | 874 ||| INVOKING Spit Poison.
   911 | D:2      | Found Hichig's Book Shop.
   911 | D:2      | Noticed a walking divine tome
   911 | D:2      | Noticed a walking crystal tome
   916 | D:2      | 916 ||| READING scroll labelled OTSAKIAGR LORI.
   917 | D:2      | 917 ||| READING scroll labelled JEIXTU RAHOCUF.
   919 | D:2      | 919 ||| INVOKING Spit Poison.
   953 | D:2      | 953 ||| INVOKING Spit Poison.
   957 | D:2      | 957 ||| INVOKING Spit Poison.
  1061 | D:2      | 1061 ||| INVOKING Spit Poison.
  1132 | D:2      | 1132 ||| INVOKING Spit Poison.
  1138 | D:2      | 1138 ||| INVOKING Spit Poison.
  1168 | D:2      | 1168 ||| INVOKING Spit Poison.
  1368 | D:2      | 1368 ||| READING scroll labelled IMIEL DERGHAUQAE.
  1377 | D:3      | 1377 ||| INVOKING Spit Poison.
  1385 | D:3      | 1385 ||| INVOKING Spit Poison.
  1406 | D:3      | Found a transporter.
  1418 | D:3      | 1418 ||| INVOKING Spit Poison.
  1425 | D:3      | 1425 ||| INVOKING Spit Poison.
  1426 | D:3      | Reached skill level 5 in Ranged Weapons
  1426 | D:3      | Reached XP level 4. HP: 31/39 MP: 4/4
  1431 | D:3      | 1431 ||| INVOKING Spit Poison.
  1483 | D:3      | Noticed Natasha
  1484 | D:3      | 1484 ||| INVOKING Spit Poison.
  1487 | D:3      | 1487 ||| INVOKING Spit Poison.
  1489 | D:3      | 1489 ||| INVOKING Spit Poison.
  1489 | D:3      | Killed Natasha
  1606 | D:3      | 1606 ||| INVOKING Spit Poison.
  1678 | D:3      | Noticed Natasha
  1682 | D:3      | 1682 ||| INVOKING Spit Poison.
  1685 | D:3      | Killed Natasha
  1686 | D:3      | Reached skill level 3 in Fighting
  1686 | D:3      | Reached XP level 5. HP: 34/49 MP: 5/5
  1702 | D:3      | Noticed Natasha
  1703 | D:3      | 1703 ||| INVOKING Spit Poison.
  1708 | D:3      | Killed Natasha
  1886 | D:3      | 1886 ||| INVOKING Spit Poison.
  1892 | D:3      | 1892 ||| INVOKING Spit Poison.
  1923 | D:3      | Found a transporter.
  1952 | D:3      | 1952 ||| INVOKING Spit Poison.
  2087 | D:3      | 2087 ||| READING scroll labelled IBUHISTR ATIRU.
  2188 | D:3      | 2188 ||| DRINKING 2 amethyst potions.
  2189 | D:3      | 2189 ||| READING 4 scrolls of identify.
  2189 | D:3      | 2189 ||| IDENTIFYING glowing emerald potion
  2219 | D:4      | 2219 ||| Stepping ~*~*~tactically~*~*~ (outnumbered).
  2221 | D:4      | 2221 ||| Stepping ~*~*~tactically~*~*~ (outnumbered).
  2222 | D:4      | 2222 ||| INVOKING Spit Poison.
  2224 | D:4      | 2224 ||| STAIRDANCE
  2226 | D:3      | 2226 ||| INVOKING Spit Poison.
  2257 | D:4      | 2257 ||| INVOKING Spit Poison.
  2261 | D:4      | 2261 ||| STAIRDANCE
  2263 | D:3      | 2263 ||| INVOKING Spit Poison.
  2288 | D:4      | 2288 ||| INVOKING Spit Poison.
  2291 | D:4      | 2291 ||| STAIRDANCE
  2294 | D:3      | 2294 ||| INVOKING Spit Poison.
  2329 | D:4      | 2329 ||| INVOKING Spit Poison.
  2336 | D:4      | 2336 ||| INVOKING Spit Poison.
  2340 | D:4      | 2340 ||| INVOKING Spit Poison.
  2400 | D:4      | 2400 ||| INVOKING Spit Poison.
  2407 | D:4      | 2407 ||| INVOKING Spit Poison.
  2462 | D:4      | Found a staircase to the Ecumenical Temple.
  2463 | D:4      | 2463 ||| PLANNING TEMPLE
  2463 | D:4      | 2463 ||| READING 4 scrolls of identify.
  2463 | D:4      | 2463 ||| IDENTIFYING sedimented orange potion
  2464 | D:4      | 2464 ||| READING 3 scrolls of identify.
  2464 | D:4      | 2464 ||| IDENTIFYING smoky puce potion
  2465 | D:4      | 2465 ||| DROPPING potion of lignification.
  2466 | D:4      | 2466 ||| DROPPING potion of attraction.
  2475 | Temple   | Entered the Ecumenical Temple
  2545 | Temple   | 2545 ||| PLANNING D:1-11
  2587 | D:4      | 2587 ||| INVOKING Spit Poison.
  2693 | D:4      | 2693 ||| INVOKING Spit Poison.
  2745 | D:4      | Noticed an ogre
  2746 | D:4      | 2746 ||| INVOKING Spit Poison.
  2753 | D:4      | 2753 ||| INVOKING Spit Poison.
  2753 | D:4      | Killed an ogre
  2754 | D:4      | Reached skill level 6 in Ranged Weapons
  2754 | D:4      | Reached XP level 6. HP: 56/56 MP: 6/6
  2767 | D:4      | 2767 ||| INVOKING Spit Poison.
  2774 | D:4      | 2774 ||| INVOKING Spit Poison.
  2778 | D:4      | 2778 ||| UPGRADING to +0 helmet.
  2783 | D:4      | 2783 ||| INVOKING Spit Poison.
  2785 | D:4      | 2785 ||| READING scroll of enchant armour.
  2785 | D:4      | 2785 ||| ENCHANTING +0 helmet.
  2786 | D:4      | 2786 ||| READING scroll labelled RACLEAM WYOJIE.
  2787 | D:4      | 2787 ||| READING scroll labelled ROERIU UGROSYX.
  2790 | D:4      | 2790 ||| READING 3 scrolls of identify.
  2790 | D:4      | 2790 ||| IDENTIFYING orange potion
  2791 | D:4      | 2791 ||| DROPPING potion of ambrosia.
  2798 | D:4      | 2798 ||| STAIRDANCE
  2799 | D:3      | Found an iron altar of Okawaru.
  2799 | D:3      | Found an ancient bone altar of Kikubaaqudgha.
  2800 | D:3      | 2800 ||| PLANNING OKAWARU WORSHIP
  2807 | D:3      | Became a worshipper of Warmaster Okawaru
  2807 | D:3      | 2807 ||| PLANNING D:1-11
  2854 | D:4      | 2854 ||| INVOKING Spit Poison.
  2869 | D:4      | 2869 ||| INVOKING Spit Poison.
  2969 | D:4      | 2969 ||| READING 3 scrolls of identify.
  2969 | D:4      | 2969 ||| IDENTIFYING emerald potion
  2986 | D:5      | Entered Level 5 of the Dungeon
  2988 | D:5      | 2988 ||| INVOKING Spit Poison.
  3008 | D:5      | 3008 ||| INVOKING Spit Poison.
  3012 | D:5      | 3012 ||| INVOKING Spit Poison.
  3022 | D:5      | 3022 ||| INVOKING Spit Poison.
  3039 | D:5      | 3039 ||| INVOKING Spit Poison.
  3045 | D:5      | Noticed an ice beast
  3065 | D:5      | Killed an ice beast
  3066 | D:5      | Reached XP level 7. HP: 30/64 MP: 7/7
  3083 | D:5      | 3083 ||| INVOKING Spit Poison.
  3191 | D:5      | 3191 ||| INVOKING Spit Poison.
  3245 | D:5      | 3245 ||| INVOKING Spit Poison.
  3248 | D:5      | 3248 ||| INVOKING Spit Poison.
  3248 | D:5      | Reached * piety under Okawaru
  3249 | D:5      | Reached skill level 7 in Ranged Weapons
  3283 | D:5      | 3283 ||| SWAPPING to +0 orcbow.
  3284 | D:5      | 3284 ||| DROPPING +0 shortbow.
  3288 | D:5      | 3288 ||| INVOKING Heroism.
  3291 | D:5      | 3291 ||| INVOKING Spit Poison.
  3295 | D:5      | Reached skill level 1 in Invocations
  3345 | D:5      | 3345 ||| READING scroll of enchant armour.
  3345 | D:5      | 3345 ||| ENCHANTING +1 helmet.
  3381 | D:5      | 3381 ||| INVOKING Spit Poison.
  3418 | D:5      | 3418 ||| INVOKING Heroism.
  3437 | D:5      | Found a radiant altar of Vehumet.
  3440 | D:5      | 3440 ||| INVOKING Spit Poison.
  3445 | D:5      | 3445 ||| INVOKING Spit Poison.
  3448 | D:5      | 3448 ||| INVOKING Spit Poison.
  3455 | D:5      | 3455 ||| INVOKING Spit Poison.
  3457 | D:5      | HP: 16/64 [orc/+0 club (1)]
  3458 | D:5      | 3458 ||| DRINKING potion of heal wounds.
  3460 | D:5      | 3460 ||| INVOKING Spit Poison.
  3461 | D:5      | 3461 ||| INVOKING Heroism.
  3464 | D:5      | 3464 ||| INVOKING Spit Poison.
  3464 | D:5      | HP: 15/64 [orc wizard/+0 dagger (2)]
  3470 | D:5      | HP: 7/64 [orc/+0 war axe (1)]
  3472 | D:5      | 3472 ||| INVOKING Spit Poison.
  3473 | D:5      | HP: 2/64 [orc/+0 club (6)]
  3474 | D:5      | Slain by an orc

Levels and vault maps discovered:
D:1:      pf_arrival_petrified_forest, layout_basic,
          hellmonk_ecumenical_altar_crossroads, minmay_misc_feat_columns
D:2:      wad_lake_hut, layout_basic, serial_shops, nicolae_shop_mannequins
D:3:      layout_rooms, nicolae_overflow_hidden_temple,
          gammafunk_ghost_abyssal_escape, kennysheep_generic_room_7,
          uniq_natasha
D:4:      layout_cave_pools, minmay_temple_entry_mini_moons
D:5:      layout_loops_ring, nicolae_vehumet_radiance
Temple:   dshaligram_water_room_temple

Skill      XL: |  1  2  3  4  5  6  7 |
---------------+----------------------+-----
Ranged Weapons | 4 5 6 7 |  7.5
Fighting       | 3 4 |  4.1
Dodging        | 2 |  2.0
Invocations    | 1 |  1.7
Stealth        | |  1.5

Action                     |  1- 3 |  4- 6 |  7- 9 || total
---------------------------+-------+-------+-------++-------
   Fire: Shortbow          |    61 |   112 |     5 ||   178
         Orcbow            |       |       |    38 ||    38
 Invoke: Heroism           |       |       |     3 ||     3
Ability: Spit Poison       |    32 |    35 |    13 ||    80
    Use: Scroll            |     6 |     9 |     1 ||    16
         Potion            |     1 |     1 |     1 ||     3
 Armour: Leather armour    |    14 |    20 |    11 ||    45
  Dodge: Dodged            |    15 |    41 |    28 ||    84

Table legend:
 A = Non-vault XP
 B = Vault XP
 C = Vault XP percentage of total XP
 D = Non-vault monster count
 E = Vault monster count
 F = Vault count percentage of total count
                 A         B        C        D         E       F
            +---------+---------+-------+---------+---------+-------
      Total |    1054 |      43 |   3.9 |      89 |       4 |   4.3
            +---------+---------+-------+---------+---------+-------
        D:1 |      32 |       0 |   0.0 |      16 |       0 |   0.0
        D:2 |      35 |       0 |   0.0 |      17 |       0 |   0.0
        D:3 |     136 |      43 |  24.0 |      18 |       4 |  18.2
        D:4 |     197 |       0 |   0.0 |      17 |       0 |   0.0
        D:5 |     654 |       0 |   0.0 |      21 |       0 |   0.0
            +---------+---------+-------+---------+---------+-------
